 Dungeon Crawl Stone Soup version 0.23-a0-8-gb809bb7 (webtiles) character file.

297 Kidiri the Ruffian (level 6, 0/61 HPs)
             Began as a Troll Berserker on Aug 1, 2018.
             Was a Priest of Trog.
             Slain by a gnoll shaman
             ... wielding a +0 whip
              (7 damage)
             ... on level 3 of the Dungeon.
             The game lasted 00:07:57 (2868 turns).

Kidiri the Ruffian (Troll Berserker)                Turns: 2868, Time: 00:07:58

Health: 0/61       AC:  6    Str: 27 (28) XL:     6   Next: 12%
Magic:  5/5        EV: 11    Int:  5 (6)  God:    Trog [***...]
Gold:   189        SH:  0    Dex:  9      Spells: 5/5 levels left

rFire    . . .     SeeInvis .     - Unarmed
rCold    . . .     Gourm    +   (no shield)
rNeg     . . .     Faith    .   a - +0 animal skin
rPois    .         Spirit   .   (helmet restricted)
rElec    .         Reflect  .   d - +0 cloak
rCorr    .         Harm     .   (gloves unavailable)
MR       +....     Clarity  +   (boots unavailable)
Stlth    +.........             (no amulet)
HPRegen  0.60/turn              f - ring of protection from magic
MPRegen  0.09/turn              j - +3 ring of intelligence

@: berserk cooldown, slowed, very slow
A: large, unfitting armour, claws 3, clarity, deterioration 1, fast metabolism
3, gourmand, mutation resistance 1, regeneration 1, shaggy fur 1, tough skin 2
a: Berserk, Trog's Hand, Renounce Religion


You were on level 3 of the Dungeon.
You worshipped Trog.
Trog was most pleased with you.
You were very full.

You visited 1 branch of the dungeon, and saw 3 of its levels.

You collected 189 gold pieces.

Inventory:

Hand Weapons
 g - a +1 club
Armour
 a - a +0 animal skin (worn)
 d - a +0 cloak (worn)
Jewellery
 f - a ring of protection from magic (left claw)
 j - a +3 ring of intelligence (right claw)
Scrolls
 h - 2 scrolls of teleportation
 i - a scroll of fog
 l - 2 scrolls of enchant weapon
 n - 2 scrolls of blinking
 o - a scroll of identify
Potions
 c - 2 potions of brilliance
 e - 2 potions of flight
 k - 2 potions of might
Comestibles
 b - 6 rations
 m - 2 chunks of flesh


   Skills:
 * Level 3.4 Fighting
 + Level 1.4 Maces & Flails
 + Level 1.7 Throwing
 + Level 1.2 Armour
 * Level 3.4 Dodging
 * Level 4.1 Unarmed Combat


You had 5 spell levels left.
You didn't know any spells.
Your spell library was empty.

Dungeon Overview and Level Annotations

Branches:
Dungeon (3/15)

Altars:
Qazlal
Trog
Wu Jian
Xom
Yredelemnul


Innate Abilities, Weirdness & Mutations

You are too large for most types of armour.
You have claws for hands.
Your metabolism is lightning-fast.
You like to eat raw meat.
Your natural rate of healing is unusually fast.
You are covered in fur. (AC +1)
You have very tough skin. (AC +2)
You possess an exceptional clarity of mind.
Your body sometimes deteriorates upon taking damage.
You are somewhat resistant to further mutation.


Message History

You become entangled in the net!
You struggle against the net.
You are no longer berserk.
You are exhausted.
You feel yourself slow down.
Unknown command.
You struggle against the net.
Some of the chunks of flesh in your inventory have rotted away.
You struggle against the net.
The gnoll hits you with a club. The gnoll hits you with a flail.
The gnoll shaman calls upon its god to speed up the gnoll.
The gnoll seems to speed up.
You struggle against the net.
The gnoll hits you with a flail. The gnoll hits you with a club.
* * * LOW HITPOINT WARNING * * *
The gnoll hits you with a club!
* * * LOW HITPOINT WARNING * * *
You shred the net and break free! The gnoll barely misses you.
The gnoll shaman hits you with a whip!
You die...

..)≈≈≈≈≈≈≈≈≈≈≈≈≈≈≈≈≈≈≈....# #(..#
...≈≈≈≈≈≈≈≈≈≈≈≈≈≈≈≈≈≈≈....# #...#
...≈≈≈≈≈≈≈≈≈≈≈≈#####≈≈....# #...#
......)........#...#≈≈....# #...#
'')#############...#≈≈....# #####
..)#...........#'###≈≈P...#. .
...'...........).#.≈≈≈....#.####.
...#...........#.#.≈≈≈....#.#....
################@#.≈≈≈....#..<#..
#...ggg#.≈≈≈....#......
#.....g#.≈≈≈....#.#....
##'###.#.≈≈≈....#.#.... #...
#.#.≈≈≈..P.#.#.... #..
#.#.≈≈≈....#.###.. .'.
#'###≈≈....#.#....
################...#≈≈P...#....#.
...............#.g.#≈≈....#......


You could see a gnoll shaman and 3 gnolls.

Vanquished Creatures
  17 gnolls (D:3)
  4 adders (D:2)
  5 worms
  2 dart slugs (D:2)
  2 orcs (D:3)
  6 bats
  A giant cockroach (D:3)
  7 goblins
  7 hobgoblins
  18 jackals
  6 kobolds
  4 frilled lizards
  2 gnoll zombies (D:3)
  8 rats
89 creatures vanquished.

Notes
Turn   | Place    | Note
-------+----------+-------------------------------------------
     0 | D:1      | Kidiri the Troll Berserker began the quest for the Orb.
     0 | D:1      | Reached XP level 1. HP: 22/22 MP: 0/0
   361 | D:1      | Reached XP level 2. HP: 29/29 MP: 1/1
   877 | D:2      | Found a bloodstained altar of Trog.
   877 | D:2      | Noticed a moth of wrath
   976 | D:2      | Reached ** piety under Trog
   976 | D:2      | Reached XP level 3. HP: 34/36 MP: 2/2
  1398 | D:2      | Reached skill level 1 in Throwing
  1641 | D:2      | Found a stormy altar of Qazlal.
  1724 | D:2      | Reached XP level 4. HP: 43/44 MP: 3/3
  1796 | D:2      | Found an ornate altar of the Wu Jian Council.
  2078 | D:3      | Found a shimmering altar of Xom.
  2208 | D:3      | Reached skill level 1 in Maces & Flails
  2340 | D:3      | Reached XP level 5. HP: 23/53 MP: 4/4
  2361 | D:3      | Gained mutation: You are partially covered in iridescent scales. (AC +2) [potion of mutation]
  2361 | D:3      | Gained mutation: Your spells are a little harder to cast, but a little more powerful. [potion of mutation]
  2361 | D:3      | Gained mutation: You possess an exceptional clarity of mind. [potion of mutation]
  2385 | D:3      | Reached skill level 1 in Armour
  2451 | D:3      | Reached *** piety under Trog
  2451 | D:3      | Reached skill level 4 in Unarmed Combat
  2621 | D:3      | Lost mutation: You are partially covered in iridescent scales. (AC +2) [potion of mutation]
  2621 | D:3      | Lost mutation: Your spells are a little harder to cast, but a little more powerful. [potion of mutation]
  2621 | D:3      | Gained mutation: Your body sometimes deteriorates upon taking damage. [potion of mutation]
  2621 | D:3      | Gained mutation: You are somewhat resistant to further mutation. [potion of mutation]
  2736 | D:3      | Found a basalt altar of Yredelemnul.
  2834 | D:3      | Reached XP level 6. HP: 38/61 MP: 5/5
  2868 | D:3      | Slain by a gnoll shaman

Vault maps used:
D:1:      dpeg_arrival_rooms_with_view, serial_park_tiny_pond
D:2:      grunt_qazlal_clouds, tgw_trog, lemuel_crystal_altar
D:3:      lemuel_castle_with_subvaults, lemuel_zombie_altar_yredelemnul,
          overflow_temple_1_default, uniq_crazy_yiuf_cottage

Skill      XL: |  1  2  3  4  5 |
---------------+----------------+-----
Throwing       | 1 |  1.7
Fighting       | 3 |  3.4
Dodging        | 3 |  3.4
Maces & Flails | 1 |  1.4
Armour         | 1 |  1.2
Unarmed Combat | 4 |  4.1

Action                   |  1- 3 |  4- 6 || total
-------------------------+-------+-------++-------
Melee: Unarmed           |   105 |   131 ||   236
       Club              |    10 |       ||    10
       Punch             |       |     4 ||     4
Invok: Berserk           |     1 |     3 ||     4
       Trog's Hand       |       |     1 ||     1
  Use: Scroll            |     8 |     2 ||    10
       Potion            |       |     4 ||     4
  Eat: Chunk             |    22 |    13 ||    35
Armor: Animal skin       |    48 |    50 ||    98
Dodge: Dodged            |    64 |    71 ||   135

Table legend:
 A = Spawn XP
 B = Non-spawn XP
 C = Spawn XP percentage of total XP
 D = Spawn monster count
 E = Non-spawn monster count
 F = Spawn count percentage of total count
 G = Total turns spent on level
                    A         B        C        D         E        F      G
               +---------+---------+-------+---------+---------+-------+---------
         Total |       0 |     425 |   0.0 |       0 |      89 |   0.0 |  2868
               +---------+---------+-------+---------+---------+-------+---------
           D:1 |       0 |      29 |   0.0 |       0 |      17 |   0.0 |   901
           D:2 |       0 |      94 |   0.0 |       0 |      27 |   0.0 |  1065
           D:3 |       0 |     302 |   0.0 |       0 |      45 |   0.0 |   902
               +---------+---------+-------+---------+---------+-------+---------
